AoeStats
← MDMA!

Arabia

506704858Analyzed
2v2 RM · 17d ago on Sep 14, 2026· 32m 11s· 4 players
Game mode
Random Map
Map size
Medium (4 player)
Population
200
Speed
Normal
Resources
Standard
Victory
Conquest
Starting age
Dark Age
Ending age
Imperial Age
RankedLock teamsTeams togetherTeam positionsShared explorationLock speedFull tech treeHidden civsTurbo modeCheats
Victory
Defeat
🇹🇷 Huns · Türkiye
966
+16
🇹🇷 Britons · Türkiye
910
+18
🇦🇷 Khitans · Argentina
978
-18
🇦🇷 Burmese · Argentina
928
-16
blackout
4:15 Loom
10:34 Feudal Age
11:02 Double-Bit Axe
17:29 Castle Age
17:24 Gold Mining
17:37 Fletching
18:36 Crossbowman
21:13 Bow Saw
22:52 Wheelbarrow
25:15 Bodkin Arrow
31:35 Ballistics
31:53 Horse Collar
32:47 Heavy Plow
mustajjj
8:31 Loom
10:50 Feudal Age
11:45 Horse Collar
11:51 Double-Bit Axe
12:43 Gold Mining
19:47 Castle Age
19:46 Forging
19:41 Scale Barding Armor
19:30 Stone Mining
20:26 Wheelbarrow
20:56 Bloodlines
22:26 Iron Casting
22:11 Chain Barding Armor
22:59 Heavy Plow
23:37 Bow Saw
26:36 Husbandry
28:00 Hand Cart
27:31 Town Watch
31:05 Town Patrol
Cocucho...
0:36 Loom
11:26 Feudal Age
13:45 Wheelbarrow
14:14 Double-Bit Axe
18:21 Forging
18:17 Scale Barding Armor
18:32 Domestication
22:33 Castle Age
22:43 Light Cavalry
23:23 Husbandry
23:51 Bow Saw
24:20 Pastoralism
24:42 Gold Mining
MDMA!
5:53 Loom
11:33 Feudal Age
14:28 Wheelbarrow
15:12 Man-at-Arms
22:05 Castle Age
21:27 Horse Collar
22:22 Elite Skirmisher
25:42 Fletching
25:43 Elite Skirmisher
28:08 Padded Archer Armor
31:31 Pikeman
Connection lost

Rejoining the realm…

Still unreachable

The connection could not be restored.

Session expired

The server has moved on; the page needs a fresh start.